 Dungeon Crawl Stone Soup version 0.19.5 (webtiles) character file.

3257 nikopol the Spear-Bearer (level 9, -5/82 HPs)
             Began as a Minotaur Berserker on Mar 4, 2017.
             Was an Elder of Trog.
             Slain by Grum
             ... wielding a +1 spear of flaming
              (15 damage)
             ... on level 8 of the Dungeon.
             The game lasted 00:13:35 (6396 turns).

nikopol the Spear-Bearer (Minotaur Berserker)       Turns: 6396, Time: 00:13:36

Health: -5/82      AC: 10    Str: 22    XL:     9   Next: 67%
Magic:  8/8        EV: 15    Int:  4    God:    Trog [****..]
Gold:   136        SH:  0    Dex: 13    Spells: 0 memorised, 8 levels left

rFire  . . .     SeeInvis .     a - +0 spear
rCold  . . .     Gourm    .     n - +0 ring mail
rNeg   + . .     Faith    .     (no shield)
rPois  .         Spirit   .     (helmet restricted)
rElec  .         Reflect  .     B - +0 cloak
rCorr  .         Harm     .     i - +0 pair of gloves
MR     +....                    y - +0 pair of boots {Fly}
Stlth  +.........               (no amulet)
                                I - ring of protection from magic
                                G - ring of positive energy

@: exhausted, flying, slowed, very slow
A: retaliatory headbutt, horns 2
a: Berserk, Trog's Hand, Brothers in Arms, Burn Spellbooks, Renounce Religion,
Stop Flying


You were on level 8 of the Dungeon.
You worshipped Trog.
Trog was greatly pleased with you.
You were near starving.

You visited 1 branch of the dungeon, and saw 8 of its levels.
You also visited: Sewer.

You collected 297 gold pieces.
You spent 161 gold pieces at shops.

Inventory:

Hand Weapons
 a - a +0 spear (weapon)
 z - a +0 shortbow
Missiles
 k - 117 arrows
Armour
 b - a +0 animal skin
 g - a +0 leather armour
 i - a +0 pair of gloves (worn)
 n - a +0 ring mail (worn)
 y - a +0 pair of boots of flying (worn)
 B - a +0 cloak (worn)
 K - a cursed +0 plate armour
Jewellery
 G - a ring of positive energy (left hand)
 I - a ring of protection from magic (right hand)
Wands
 w - a wand of digging (9/24)
 C - a wand of flame (18/48)
 D - a wand of hasting (7/9)
Scrolls
 d - 7 scrolls of identify
 o - 2 scrolls of magic mapping {unknown}
 p - 5 scrolls of teleportation
 q - a scroll of random uselessness
 s - 2 scrolls of fear {unknown}
 v - 2 scrolls of remove curse
 x - a scroll of recharging
 A - a scroll of holy word {unknown}
 E - a scroll of blinking {unknown}
 H - a scroll of noise {unknown}
Potions
 e - 2 potions of haste
 f - a potion of cure mutation {unknown}
 h - 4 potions of degeneration {unknown}
 j - 3 potions of flight {unknown}
 m - 2 potions of might
 r - a potion of brilliance {unknown}
 t - 6 potions of curing {unknown}
 u - a potion of heal wounds {unknown}
Comestibles
 c - 2 bread rations
 l - 2 meat rations
 F - a beef jerky
 J - 4 chunks of flesh


   Skills:
 + Level 8.5 Fighting
 * Level 9.2 Polearms
 * Level 3.5 Bows
 + Level 8.2 Armour
 + Level 7.3 Dodging


You had 8 spell levels left.
You didn't know any spells.

Dungeon Overview and Level Annotations

Branches:
Dungeon (8/15)             Temple (0/1) D:7
   Lair: D:8-11

Altars:
Ashenzari
Elyvilon
Hepliaklqana
Kikubaaqudgha
Okawaru
Ru
Trog
Vehumet
Yredelemnul
The Shining One

Shops:
D:5 [

Annotations:
D:8 Grum, Joseph


Innate Abilities, Weirdness & Mutations

You reflexively headbutt those who attack you in melee.
You have a pair of horns on your head.


Message History

Grum hits you from afar with a spear of flaming.
* * * LOW HITPOINT WARNING * * *
Grum burns you.
* * * LOW HITPOINT WARNING * * *
You see here 2 sling bullets.
Joseph shoots a sling bullet.
The sling bullet hits you but does no damage.
Grum closely misses you.
You see here a sling bullet.
Grum hits you from afar with a spear of flaming.
* * * LOW HITPOINT WARNING * * *
Grum burns you.
* * * LOW HITPOINT WARNING * * *
Joseph shoots a sling bullet.
The sling bullet closely misses you. Grum completely misses you.
You see here a sling bullet.
Joseph shoots a sling bullet.
The sling bullet hits you!
* * * LOW HITPOINT WARNING * * *
Grum hits you from afar with a spear of flaming!
You die...

.##.#######...@.........#
#.... ..#p#####
####..((......# #..[.
........#### #####@.#####
#.... ...###.....### ##..##
#.... _#####).##...# #.@##
#.... ...###..####.###.##
#.... .......## #..##g# #....
##...#.# ##.##.# ####.
##....# #...@## #. ##...#
###...# #. #...# ##.#.##
#########. #..[##
#..#..#####.....##.. ##...##
#.###...........##.# #.#..##
#.# ######......##.# #.#...##
#.#########.....##.#
#.#.#..###.##...........<##.#
#.#.##.>#.....######.....##.#


You could see Joseph and Grum.

Vanquished Creatures
  Pikel (D:8)
  A hornet (D:8)
  A wyvern (D:7)
  Menkaure (D:6)
  Edmund (D:6)
  Duvessa (D:5)
  2 slaves (D:8)
  2 black bears
  3 ogres
  2 phantoms
  2 centaurs
  2 wolves (D:8)
  A bullfrog (D:7)
  Dowan (D:5)
  A scorpion (D:6)
  A wyvern skeleton (D:7)
  7 howler monkeys
  A vampire bat (D:5)
  4 crimson imps
  An orc wizard (D:3)
  2 hounds
  A jelly (D:7)
  Crazy Yiuf (D:5)
  2 orc priests (D:6)
  2 bullfrog skeletons
  An iguana (D:7)
  A worker ant (D:6)
  A hound zombie (D:5)
  8 adders
  A river rat (Sewer)
  A worm (D:2)
  A dart slug (D:1)
  4 leopard geckos
  13 orcs
  A ball python (Sewer)
  4 bat skeletons (D:5)
  2 bat zombies (D:5)
  9 giant cockroaches
  7 hobgoblins
  9 jackals
  8 kobolds
  2 quokkas
  7 bats
  11 frilled lizards
  3 goblins
  A jackal skeleton (D:4)
  11 rats
150 creatures vanquished.

Vanquished Creatures (others)
  A shadow imp (D:8)
1 creature vanquished.

Grand Total: 151 creatures vanquished

Notes
Turn   | Place    | Note
-------+----------+-------------------------------------------
     0 | D:1      | nikopol the Minotaur Berserker began the quest for the Orb.
     0 | D:1      | Reached XP level 1. HP: 19/19 MP: 0/0
   173 | D:1      | Reached XP level 2. HP: 24/27 MP: 1/1
   247 | D:1      | Reached skill level 4 in Polearms
   659 | D:2      | Reached XP level 3. HP: 33/33 MP: 2/2
   695 | D:2      | Found a white marble altar of Elyvilon.
  1028 | D:2      | Reached ** piety under Trog
  1036 | D:2      | Found an iron altar of Okawaru.
  1040 | D:2      | Found a sacrificial altar of Ru.
  1375 | D:3      | Reached XP level 4. HP: 36/41 MP: 3/3
  1377 | D:3      | Found a glowing golden altar of the Shining One.
  1954 | D:4      | Reached XP level 5. HP: 47/47 MP: 4/4
  1982 | D:4      | Found a glowing drain.
  2012 | Sewer    | Entered a sewer
  2074 | Sewer    | Reached skill level 5 in Polearms
  2139 | Sewer    | Reached skill level 5 in Fighting
  2291 | Sewer    | Reached *** piety under Trog
  2465 | D:4      | Noticed an ogre
  2469 | D:4      | Killed an ogre
  2469 | D:4      | Reached XP level 6. HP: 56/56 MP: 5/5
  2776 | D:4      | Reached skill level 5 in Armour
  2943 | D:4      | Found a radiant altar of Vehumet.
  2984 | D:4      | Found a bloodstained altar of Trog.
  3225 | D:5      | Entered Level 5 of the Dungeon
  3272 | D:5      | Found Nadoaz's Armour Shoppe.
  3354 | D:5      | Bought a +0 pair of boots of flying for 161 gold pieces
  3404 | D:5      | Reached XP level 7. HP: 61/61 MP: 6/6
  3447 | D:5      | Noticed Duvessa
  3448 | D:5      | Noticed Dowan
  3459 | D:5      | Killed Duvessa
  3481 | D:5      | Killed Dowan
  3481 | D:5      | Reached skill level 6 in Polearms
  3987 | D:5      | Found a runed door.
  4001 | D:5      | Noticed Crazy Yiuf
  4006 | D:5      | Killed Crazy Yiuf
  4006 | D:5      | Reached skill level 5 in Dodging
  4220 | D:5      | Found an ancient bone altar of Kikubaaqudgha.
  4496 | D:6      | Reached XP level 8. HP: 70/71 MP: 7/7
  4528 | D:6      | Noticed Edmund
  4538 | D:6      | Killed Edmund
  4565 | D:6      | Reached skill level 7 in Polearms
  4572 | D:6      | Found a basalt altar of Yredelemnul.
  4600 | D:6      | Noticed Menkaure
  4609 | D:6      | Killed Menkaure
  4867 | D:6      | Reached **** piety under Trog
  5268 | D:7      | Found a staircase to the Ecumenical Temple.
  5281 | D:7      | Reached skill level 8 in Polearms
  5296 | D:7      | Reached XP level 9. HP: 31/81 MP: 8/8
  5558 | D:7      | Found a hazy altar of Hepliaklqana.
  6213 | D:8      | Found a shattered altar of Ashenzari.
  6253 | D:8      | Reached skill level 1 in Bows
  6316 | D:8      | Noticed Pikel
  6350 | D:8      | Noticed Grum
  6359 | D:8      | Noticed Joseph
  6363 | D:8      | Killed Pikel
  6365 | D:8      | Reached skill level 9 in Polearms
  6396 | D:8      | Slain by Grum

Skill      XL: |  1  2  3  4  5  6  7  8  9 |
---------------+----------------------------+-----
Fighting       | 4 5 6 7 8 |  8.5
Polearms       | 4 5 6 8 9 |  9.2
Armour         | 3 4 5 6 7 8 |  8.2
Dodging        | 3 4 5 6 7 |  7.3
Bows           | 3 |  3.5

Action                   |  1- 3 |  4- 6 |  7- 9 || total
-------------------------+-------+-------+-------++-------
Melee: Spear             |   102 |   141 |   316 ||   559
       Headbutt          |    14 |    19 |    64 ||    97
 Fire: Shortbow          |       |       |    22 ||    22
Invok: Berserk           |       |       |     5 ||     5
       Trog's Hand       |       |       |     1 ||     1
  Use: Scroll            |       |     9 |       ||     9
  Eat: Chunk             |     1 |     7 |    13 ||    21
Armor: Animal skin       |     3 |       |       ||     3
       Leather armour    |    14 |    29 |       ||    43
       Ring mail         |       |     2 |    50 ||    52
Dodge: Dodged            |    32 |    56 |   168 ||   256
